 Dungeon Crawl Stone Soup version 0.29-a0-1019-g84f7d21838 (webtiles) character file.

Game seed: 16826051558171256308

96 Pooter the Caller (level 4, 0/32 HPs)
             Began as a Gnoll Summoner on Aug 10, 2022.
             Slain by a kobold brigand
             ... wielding a +0 dagger
              (5 damage)
             ... on level 3 of the Dungeon.
             The game lasted 00:18:43 (2313 turns).

Pooter the Caller (Gnoll Summoner)                  Turns: 2313, Time: 00:18:44

Health: 0/32       AC:  2    Str:  7    XL:     4   Next: 67%
Magic:  4/11       EV: 13    Int: 16    God:
Gold:   126        SH:  0    Dex: 13    Spells: 0/13 levels left

rFire   . . .      SeeInvis .   a - +0 whip
rCold   . . .      Faith    .   (no shield)
rNeg    . . .      Spirit   .   e - +0 robe
rPois   .          Reflect  .   (no helmet)
rElec   .          Harm     .   (no cloak)
rCorr   .          Rampage  .   (no gloves)
Will    .....                   (no boots)
Stlth   +++.......              (no amulet)
HPRegen 0.10/turn               (no ring)
MPRegen 0.12/turn               (no ring)

@: no status effects
A: fangs 1, strong nose, distributed training
a: no special abilities


You were on level 3 of the Dungeon.
You visited 1 branch of the dungeon, and saw 3 of its levels.

You collected 126 gold pieces.

Inventory:

Hand Weapons
 a - a +0 whip (weapon)
   (You took it off a kobold on level 2 of the Dungeon)
 h - a +0 dagger
   (You took it off a goblin on level 1 of the Dungeon)
Missiles
 Q - 16 stones
Armour
 e - a +0 robe (worn)
Jewellery
 l - a ring of fire
   (You found it on level 3 of the Dungeon)
Wands
 k - a wand of charming (10)
   (You found it on level 3 of the Dungeon)
Scrolls
 f - a scroll of silence
 g - a scroll of enchant weapon {unknown}
 i - a scroll of identify {@r1}
 j - a scroll of teleportation {unknown}
Potions
 b - 2 potions of magic
 c - 3 potions of curing {unknown}
 d - 2 potions of might {unknown}


   Skills:
 + Level 1.2 Fighting
 + Level 1.2 Short Blades
 + Level 1.2 Long Blades
 + Level 1.2 Axes
 + Level 1.2 Maces & Flails
 + Level 1.2 Polearms
 + Level 1.2 Staves
 + Level 1.2 Ranged Weapons
 + Level 1.2 Throwing
 + Level 1.2 Armour
 + Level 4.7 Dodging
 + Level 4.3 Stealth
 + Level 1.2 Shields
 + Level 1.2 Unarmed Combat
 + Level 5.1 Spellcasting
 + Level 1.0 Conjurations
 + Level 1.0 Hexes
 + Level 7.1 Summonings
 + Level 1.0 Necromancy
 + Level 1.0 Translocations
 + Level 1.0 Transmutations
 + Level 1.0 Fire Magic
 + Level 1.0 Ice Magic
 + Level 1.0 Air Magic
 + Level 1.0 Earth Magic
 + Level 1.0 Poison Magic
 + Level 1.4 Invocations
 + Level 1.2 Evocations


You couldn't memorise any spells.
You knew the following spells:

 Your Spells              Type           Power      Damage    Failure   Level
a - Summon Small Mammal   Summ           100%       N/A       1%          1
b - Call Imp              Summ           27%        N/A       1%          2
c - Call Canine Familiar  Summ           27%        N/A       2%          3
d - Summon Guardian Gole  Hex/Summ       17%        N/A       9%          3
z - Summon Lightning Spi  Summ/Air       17%        N/A       28%         4

Your spell library contained the following spells:

 Spells                   Type           Power      Damage    Failure   Level


Dungeon Overview and Level Annotations

Branches:
Dungeon (3/15)

Altars:
Fedhas


Innate Abilities, Weirdness & Mutations

You have very sharp teeth.
Your uncanny sense of smell can sniff out nearby items.
Your experience applies equally to all skills.


Message History

The kobold brigand closely misses your iron imp.
Your iron imp hits the kobold brigand.
You feel sick.
Your hound closely misses the kobold brigand.
The kobold brigand barely misses your iron imp.
Your hound misses the kobold brigand.
You feel sick.
You are no longer poisoned.
Your iron imp barely misses the kobold brigand.
Your hound bites the kobold brigand but does no damage.
Something hits your hound. Something hits your iron imp!
Your hound bites the kobold brigand.
Your hound bites the kobold brigand.
The kobold brigand hits your hound with a +0 dagger!
Your hound dies!
Your hound's corpse disappears in a puff of smoke!
Your iron imp barely misses the kobold brigand.
The kobold brigand barely misses your iron imp.
Your iron imp barely misses the kobold brigand.
The kobold brigand hits your iron imp with a +0 dagger.
Your iron imp closely misses the kobold brigand.
The kobold brigand hits your iron imp with a +0 dagger.
Your iron imp closely misses the kobold brigand.
The kobold brigand hits your iron imp with a +0 dagger!
Your iron imp dies!
Your iron imp disappears in a puff of smoke!
A beastly little devil appears in a puff of flame.
* * * LOW MAGIC WARNING * * *
The kobold brigand closely misses you.
Your crimson imp barely misses the kobold brigand.
You barely miss the kobold brigand.
You bite the kobold brigand, but do no damage.
The kobold brigand hits you with a +0 dagger!
* * * LOW HITPOINT WARNING * * *
Your crimson imp closely misses the kobold brigand.
Okay, then.
Okay, then.
You hit the kobold brigand. Your bite misses the kobold brigand.
The kobold brigand hits you with a +0 dagger.
* * * LOW HITPOINT WARNING * * *
Your crimson imp blinks!
Your hound bites the kobold brigand.
You closely miss the kobold brigand.
The kobold brigand hits you with a +0 dagger.
* * * LOW HITPOINT WARNING * * *
Your hound bites the kobold brigand but does no damage.
You closely miss the kobold brigand.
Your hound bites the kobold brigand.
The kobold brigand hits you with a +0 dagger.
You die...

#.#.....##.#.#####..
#.#.....##.#.# #..
#.#...#......##. ...
##.#...#..........
.......5....###.#
###......##..# ..
.........#.....#
#.....h§#.......
#.....@K#.......
.................
.#.##.#.......#.#
........#......
#.##...##..#.#. ..
#..## ..# # . #.. .#
... .#


You could see a kobold brigand (ally target), a friendly hound (summoned) and a
friendly crimson imp (summoned).

Vanquished Creatures
  A ball python (D:2)
  2 bats (D:2)
  A goblin (D:1)
  A kobold (D:1)
  A frilled lizard (D:2)
6 creatures vanquished.

Vanquished Creatures (collateral kills)
  3 adders
  5 dart slugs
  5 bats
  5 endoplasms
  2 giant cockroaches (D:1)
  7 hobgoblins
  3 jackals (D:1)
  A quokka (D:1)
  6 ball pythons
  2 frilled lizards
  4 goblins (D:1)
  A kobold (D:2)
  3 rats
47 creatures vanquished.

Grand Total: 53 creatures vanquished

Notes
Turn   | Place    | Note
-------+----------+-------------------------------------------
     0 | D:1      | Pooter the Gnoll Summoner began the quest for the Orb.
     0 | D:1      | Reached XP level 1. HP: 13/13 MP: 6/6
   204 | D:1      | Reached XP level 2. HP: 19/19 MP: 5/7
   214 | D:1      | Learned a level 2 spell: Call Imp
   499 | D:1      | Reached skill level 5 in Spellcasting
   499 | D:1      | Reached XP level 3. HP: 18/25 MP: 7/9
   830 | D:1      | Reached skill level 1 in Invocations
   959 | D:1      | Learned a level 3 spell: Call Canine Familiar
   963 | D:1      | Learned a level 3 spell: Summon Guardian Golem
  1011 | D:2      | Reached skill level 1 in Fighting
  1011 | D:2      | Reached skill level 1 in Short Blades
  1011 | D:2      | Reached skill level 1 in Long Blades
  1011 | D:2      | Reached skill level 1 in Axes
  1011 | D:2      | Reached skill level 1 in Maces & Flails
  1011 | D:2      | Reached skill level 1 in Polearms
  1011 | D:2      | Reached skill level 1 in Staves
  1011 | D:2      | Reached skill level 1 in Ranged Weapons
  1011 | D:2      | Reached skill level 1 in Throwing
  1011 | D:2      | Reached skill level 1 in Armour
  1011 | D:2      | Reached skill level 1 in Shields
  1011 | D:2      | Reached skill level 1 in Unarmed Combat
  1011 | D:2      | Reached skill level 1 in Evocations
  1123 | D:2      | Found a blossoming altar of Fedhas.
  1188 | D:2      | Reached XP level 4. HP: 32/32 MP: 6/11
  1350 | D:2      | Upgraded the game from 0.29-a0-1016-g236c7fd91e to
                  | 0.29-a0-1019-g84f7d21838
  1355 | D:2      | Learned a level 4 spell: Summon Lightning Spire
  1409 | D:2      | Found a faded altar of an unknown god.
  1736 | D:2      | Reached skill level 1 in Conjurations
  1736 | D:2      | Reached skill level 1 in Hexes
  1736 | D:2      | Reached skill level 1 in Necromancy
  1736 | D:2      | Reached skill level 1 in Translocations
  1736 | D:2      | Reached skill level 1 in Transmutations
  1736 | D:2      | Reached skill level 1 in Fire Magic
  1736 | D:2      | Reached skill level 1 in Ice Magic
  1736 | D:2      | Reached skill level 1 in Air Magic
  1736 | D:2      | Reached skill level 1 in Earth Magic
  1736 | D:2      | Reached skill level 1 in Poison Magic
  2288 | D:3      | Noticed a kobold brigand
  2313 | D:3      | Slain by a kobold brigand

Illustrated notes

Levels and vault maps discovered:
D:1:      elethiomel_arrival_infinity_welcomes_careful_drivers, layout_basic
D:2:      layout_loops_corners, basic_ecumenical_altar, basic_altar
D:3:      layout_basic

Skill      XL: |  1  2  3  4 |
---------------+-------------+-----
Spellcasting   | 5 |  5.1
Invocations    | 1 |  1.4
Fighting       | 1 |  1.2
Short Blades   | 1 |  1.2
Long Blades    | 1 |  1.2
Axes           | 1 |  1.2
Maces & Flails | 1 |  1.2
Polearms       | 1 |  1.2
Staves         | 1 |  1.2
Ranged Weapons | 1 |  1.2
Throwing       | 1 |  1.2
Armour         | 1 |  1.2
Shields        | 1 |  1.2
Unarmed Combat | 1 |  1.2
Evocations     | 1 |  1.2
Conjurations   | 1 |  1.0
Hexes          | 1 |  1.0
Necromancy     | 1 |  1.0
Translocations | 1 |  1.0
Transmutations | 1 |  1.0
Fire Magic     | 1 |  1.0
Ice Magic      | 1 |  1.0
Air Magic      | 1 |  1.0
Earth Magic    | 1 |  1.0
Poison Magic   | 1 |  1.0
Dodging        | |  4.7
Stealth        | |  4.3
Summonings     | |  7.1

Action                   |  1- 3 |  4- 6 || total
-------------------------+-------+-------++-------
Melee: Dagger            |    14 |       ||    14
       Whip              |       |    19 ||    19
       Bite              |       |     3 ||     3
Throw: Stone             |     1 |     1 ||     2
 Cast: Summon Small Mamm |     8 |       ||     8
       Call Imp          |     7 |     3 ||    10
       Call Canine Famil |     4 |     6 ||    10
  Use: Scroll            |     1 |       ||     1
 Stab: Sleeping          |       |     1 ||     1
Armor: Robe              |     4 |     2 ||     6
Dodge: Dodged            |     9 |     9 ||    18

Table legend: (Time is in decaauts)
 A = Elapsed time spent in this place.
 B = Non-inter-level travel time spent in this place.
 C = Inter-level travel time spent in this place.
 D = Time resting spent in this place.
 E = Time spent auto-exploring this place.
 F = Levels seen in this place.
 G = Mean time per level.
                   A        B        C        D        E       F      G
               +--------+--------+--------+--------+--------+-----+--------+
         Total |   2312 |   2244 |     68 |    165 |   1625 |   3 |  770.7 |
       Dungeon |   2312 |   2244 |     68 |    165 |   1625 |   3 |  770.7 |
               +--------+--------+--------+--------+--------+-----+--------+

Top non-repeatable levels by time:
     D:2: 1022 daAuts
     D:1: 961 daAuts
     D:3: 328 daAuts
